 Dungeon Crawl Stone Soup version 0.31.0 (webtiles) character file.

Game seed: 11669991746274259674

998 qw the Skirmisher (level 8, 0/49 HPs)
             Began as a Gargoyle Hunter on Jan 19, 2024.
             Slain by an ogre
             ... wielding a +0 giant club
              (15 damage)
             ... on level 5 of the Dungeon.
             The game lasted 00:00:23 (4050 turns).

qw the Skirmisher (Gargoyle Hunter)                 Turns: 4050, Time: 00:00:23

Health: 0/49       AC: 14    Str: 14    XL:     8   Next: 19%
Magic:  8/8        EV: 11    Int: 11    God:
Gold:   547        SH:  0    Dex: 15    Spells: 7/7 levels left

rFire   . . .        a - +0 shortbow (heavy)
rCold   . . .        (shield currently unavailable)
rNeg    + . .        b - +0 ring mail
rPois   inf          (no helmet)
rElec   +            h - +0 cloak
rCorr   +            f - +1 pair of gloves
SInv    .            (no boots)
Will    .....        (no amulet)
Stlth   +            d - ring of resist corrosion
HPRegen 0.28/turn    (no ring)
MPRegen 0.11/turn

%: no passive effects
@: no status effects
A: sickness immunity, AC +5, negative energy resistance 1, electricity
resistance, torment resistance 1, petrification resistance
a: no special abilities


You were on level 5 of the Dungeon.
You visited 1 branch of the dungeon, and saw 5 of its levels.
You also visited: Ossuary.

You collected 547 gold pieces.


Innate Abilities, Weirdness & Mutations

You are immune to sickness and miasma.
Your stone body is resilient. (AC +5)
You are immune to poison.
You resist negative energy. (rN+)
You are resistant to electric shocks. (rElec)
You are resistant to unholy torment.
You are immune to petrification.


   Skills:
 - Level 5.3 Fighting
 + Level 8.5 Ranged Weapons
 - Level 2.6 Armour
 - Level 2.0 Dodging
 - Level 1.1 Stealth


You had 7 spell levels left.
You didn't know any spells.
Your spell library was empty.

Inventory:

Hand Weapons
 a - a +0 heavy shortbow (weapon)
Armour
 b - a +0 ring mail (worn)
 f - a +1 pair of gloves (worn)
 h - a +0 cloak (worn)
Jewellery
 d - a ring of resist corrosion (left hand)
 k - a ring of fire
Scrolls
 e - a scroll of teleportation
 i - a scroll of enchant weapon {unknown}
Potions
 c - a potion of mutation
 g - 4 potions of curing
 j - a potion of haste

Dungeon Overview and Level Annotations

Branches:
Dungeon (5/15)            Ossuary (visited)
 Temple: D:4-7

Altars:
Cheibriados

Shops:
D:4 *


Message History

e - a scroll of teleportation You now have 547 gold pieces (gained 9).
Found a book of Party Tricks.
i - a scroll labelled RET MOTAOPNAOSCH You see here a book of Party Tricks.
Found a stone staircase leading up.
Enter note: An ogre comes into view. It is wielding a +0 giant club.
The ogre shouts!
An iguana comes into view.
You shoot an arrow. The arrow closely misses the iguana.
The iguana hisses angrily.
You shoot an arrow. The arrow barely misses the iguana.
You shoot an arrow. The arrow hits the iguana!
The iguana is heavily wounded.
The iguana closely misses you.
You shoot an arrow. The arrow hits the iguana.
The iguana is heavily wounded.
The iguana bites you but does no damage.
The iguana bites you.
You shoot an arrow. The arrow closely misses the iguana.
The iguana barely misses you.
You shoot an arrow. The arrow hits the iguana.
The iguana is severely wounded.
The iguana closely misses you. The iguana bites you.
You shoot an arrow. The arrow closely misses the iguana.
The iguana closely misses you.
You shoot an arrow. The arrow hits the iguana!
You kill the iguana!
4046 ||| FLEEEEING.
Found a war axe.
The ogre barely misses you.
There is a stone staircase leading up here.
You shoot an arrow. The arrow barely misses the ogre.
The ogre hits you with a +0 giant club!!
You shoot an arrow. The arrow barely misses the ogre.
The ogre hits you with a +0 giant club.
You shoot an arrow. The arrow hits the ogre!
The ogre is moderately wounded.
The ogre hits you with a +0 giant club!
You die...

.. . .# )# ..#
###..###.
###........
###...#####
#..:##@...#
##.###O......#
##..#
#.###.#.#
#..## #. ..
##.### #. ##
###....# #.
#......# #.
#.#....# #.
#.#....#


You could see an ogre.

Vanquished Creatures
  2 black bears
  An elf zombie (Ossuary)
  A weeping skull (Ossuary)
  A kobold brigand (D:4)
  A scorpion (D:4)
  A burial acolyte (Ossuary)
  A centaur zombie (Ossuary)
  A human zombie (Ossuary)
  A jelly (D:4)
  3 hounds (D:5)
  2 iguanas
  Natasha (thrice) (D:2)
  2 mummies (Ossuary)
  A howler monkey zombie (Ossuary)
  4 adders
  A shadow imp (D:5)
  A white imp (D:5)
  An adder skeleton (D:2)
  An adder zombie (D:2)
  3 dart slugs
  A ribbon worm (D:2)
  5 orcs
  7 bats
  A bat skeleton (D:2)
  2 bat zombies (D:2)
  9 endoplasms
  5 giant cockroaches
  A gnoll zombie (Ossuary)
  2 goblins
  9 hobgoblins
  2 jackals (D:3)
  A quokka (D:1)
  7 ball pythons
  3 frilled lizards
  A giant cockroach zombie (D:2)
  A hobgoblin zombie (D:5)
  A jackal skeleton (D:2)
  28 kobolds
  4 rats
122 creatures vanquished.

Notes
Turn   | Place    | Note
-------+----------+-------------------------------------------
     0 | D:1      | qw the Gargoyle Hunter began the quest for the Orb.
     0 | D:1      | Reached XP level 1. HP: 12/12 MP: 1/1
     0 | D:1      | 0 ||| qw: Version: 0.3-a-132-g3d54051
     0 | D:1      | 0 ||| qw: Game counter: 154
     0 | D:1      | 0 ||| qw: Melee chars always use a shield: true
     0 | D:1      | 0 ||| qw: God list: Okawaru
     0 | D:1      | 0 ||| qw: Allow faded altars: false
     0 | D:1      | 0 ||| qw: Do Orc after clearing Dungeon:15 true
     0 | D:1      | 0 ||| qw: Do second Lair branch before Depths: true
     0 | D:1      | 0 ||| qw: Lair rune preference: random
     0 | D:1      | 0 ||| qw: Goals: Normal
     0 | D:1      | 0 ||| PLANNING D:1-11
    31 | D:1      | Reached XP level 2. HP: 17/17 MP: 2/2
   113 | D:1      | Reached XP level 3. HP: 19/21 MP: 3/3
   371 | D:1      | Reached skill level 5 in Ranged Weapons
   393 | D:1      | Found a faded altar of an unknown god.
   504 | D:1      | 504 ||| READING 3 scrolls labelled RANUZU QONY.
   504 | D:1      | 504 ||| IDENTIFYING ruby potion
   505 | D:1      | 505 ||| READING 2 scrolls of identify.
   505 | D:1      | 505 ||| IDENTIFYING fizzy pink potion
   506 | D:1      | 506 ||| READING scroll of identify.
   506 | D:1      | 506 ||| IDENTIFYING murky green potion
   507 | D:1      | 507 ||| DROPPING scroll of butterflies.
   508 | D:1      | 508 ||| DROPPING potion of magic.
   509 | D:1      | 509 ||| DROPPING potion of berserk rage.
   635 | D:2      | 635 ||| FLEEEEING.
   701 | D:2      | Reached skill level 3 in Fighting
   756 | D:2      | 756 ||| FLEEEEING.
   757 | D:2      | 757 ||| FLEEEEING.
   758 | D:2      | 758 ||| FLEEEEING.
   765 | D:2      | 765 ||| FLEEEEING.
   766 | D:2      | 766 ||| FLEEEEING.
   767 | D:2      | 767 ||| FLEEEEING.
   768 | D:2      | 768 ||| FLEEEEING.
   774 | D:2      | Reached XP level 4. HP: 27/28 MP: 4/4
   928 | D:2      | Noticed Natasha
   937 | D:2      | Killed Natasha
   938 | D:2      | 938 ||| FLEEEEING.
  1128 | D:2      | Noticed Natasha
  1138 | D:2      | Killed Natasha
  1139 | D:2      | Reached skill level 6 in Ranged Weapons
  1139 | D:2      | Reached XP level 5. HP: 16/32 MP: 5/5
  1139 | D:2      | 1139 ||| FLEEEEING.
  1147 | D:2      | 1147 ||| STAIRDANCE
  1185 | D:1      | 1185 ||| UPGRADING to +0 pair of gloves.
  1190 | D:1      | 1190 ||| READING scroll labelled VOWKAIXIERA.
  1190 | D:1      | 1190 ||| BRANDING +0 shortbow.
  1191 | D:1      | 1191 ||| READING 2 scrolls labelled LIEXTI XEUXKO.
  1192 | D:1      | 1192 ||| READING scroll labelled NEPPIW KIXI.
  1196 | D:1      | 1196 ||| DROPPING scroll of blinking.
  1350 | D:2      | Noticed Natasha
  1355 | D:2      | Killed Natasha
  1356 | D:2      | Reached skill level 1 in Armour
  1505 | D:3      | 1505 ||| STAIRDANCE
  1509 | D:3      | 1509 ||| STAIRDANCE
  1516 | D:2      | 1516 ||| FLEEEEING.
  1534 | D:3      | 1534 ||| STAIRDANCE
  1545 | D:3      | 1545 ||| STAIRDANCE
  1559 | D:3      | 1559 ||| STAIRDANCE
  1575 | D:2      | 1575 ||| UPGRADING to +0 ring mail.
  1585 | D:2      | 1585 ||| DROPPING +0 leather armour.
  1812 | D:3      | Found a snail-covered altar of Cheibriados.
  2020 | D:3      | 2020 ||| UPGRADING to +0 cloak.
  2025 | D:3      | 2025 ||| UPGRADING to ring of resist corrosion.
  2026 | D:3      | 2026 ||| READING scroll labelled NYEMMASABYO.
  2071 | D:4      | Reached XP level 6. HP: 26/39 MP: 6/6
  2141 | D:4      | Found Somiabo's CLEARANCE SALE!.
  2329 | D:4      | Noticed a black bear
  2336 | D:4      | Killed a black bear
  2337 | D:4      | 2337 ||| FLEEEEING.
  2342 | D:4      | 2342 ||| STAIRDANCE
  2356 | D:3      | 2356 ||| READING scroll labelled DEIRAZIEPI.
  2940 | D:4      | Reached skill level 7 in Ranged Weapons
  2951 | D:4      | Reached XP level 7. HP: 34/44 MP: 7/7
  2963 | D:4      | HP: 11/44 [kobold/+0 short sword (3)]
  2964 | D:4      | 2964 ||| READING scroll of teleportation.
  3196 | D:4      | 3196 ||| FLEEEEING.
  3379 | D:5      | Entered Level 5 of the Dungeon
  3380 | D:5      | 3380 ||| PLANNING OSSUARY
  3692 | D:5      | Found a sand-covered staircase.
  3693 | D:5      | 3693 ||| READING 2 scrolls of identify.
  3693 | D:5      | 3693 ||| IDENTIFYING red potion
  3694 | D:5      | 3694 ||| READING scroll of identify.
  3694 | D:5      | 3694 ||| IDENTIFYING viscous blue potion
  3695 | D:5      | 3695 ||| READING scroll labelled CAKIQU KISEMEZ.
  3695 | D:5      | 3695 ||| ENCHANTING +0 pair of gloves.
  3711 | Ossuary  | Entered an ossuary
  3711 | Ossuary  | Found a huge runed translucent gate.
  3711 | Ossuary  | Found a huge runed translucent gate.
  3711 | Ossuary  | Found a huge runed translucent gate.
  3711 | Ossuary  | Found a huge runed translucent gate.
  3711 | Ossuary  | Found a huge runed translucent gate.
  3711 | Ossuary  | Found a huge runed translucent gate.
  3711 | Ossuary  | Found a huge runed translucent gate.
  3711 | Ossuary  | Found a huge runed translucent gate.
  3711 | Ossuary  | Found a huge runed translucent gate.
  3712 | Ossuary  | Found a huge runed translucent gate.
  3712 | Ossuary  | Found a huge runed translucent gate.
  3713 | Ossuary  | Found a huge runed translucent gate.
  3713 | Ossuary  | Found a huge runed translucent gate.
  3715 | Ossuary  | Found a huge runed translucent gate.
  3715 | Ossuary  | Found a huge runed translucent gate.
  3720 | Ossuary  | Reached skill level 8 in Ranged Weapons
  3720 | Ossuary  | Found a huge runed translucent gate.
  3720 | Ossuary  | Found a huge runed translucent gate.
  3720 | Ossuary  | Found a huge runed translucent gate.
  3720 | Ossuary  | Found a huge runed translucent gate.
  3720 | Ossuary  | Found a huge runed translucent gate.
  3721 | Ossuary  | Found a huge runed translucent gate.
  3721 | Ossuary  | Found a huge runed translucent gate.
  3723 | Ossuary  | Found a huge runed translucent gate.
  3723 | Ossuary  | Found a huge runed translucent gate.
  3724 | Ossuary  | Found a huge runed translucent gate.
  3724 | Ossuary  | Found a huge runed translucent gate.
  3725 | Ossuary  | Found a huge runed translucent gate.
  3725 | Ossuary  | Found a huge runed translucent gate.
  3727 | Ossuary  | Found a huge runed translucent gate.
  3727 | Ossuary  | Found a huge runed translucent gate.
  3825 | Ossuary  | Found a huge runed translucent gate.
  3825 | Ossuary  | Found a huge runed translucent gate.
  3825 | Ossuary  | Found a huge runed translucent gate.
  3825 | Ossuary  | Found a huge runed translucent gate.
  3825 | Ossuary  | Found a huge runed translucent gate.
  3838 | Ossuary  | 3838 ||| RETREEEEATING.
  3839 | Ossuary  | 3839 ||| RETREEEEATING.
  3840 | Ossuary  | 3840 ||| RETREEEEATING.
  3841 | Ossuary  | 3841 ||| RETREEEEATING.
  3842 | Ossuary  | 3842 ||| RETREEEEATING.
  3843 | Ossuary  | 3843 ||| RETREEEEATING.
  3844 | Ossuary  | 3844 ||| RETREEEEATING.
  3845 | Ossuary  | 3845 ||| RETREEEEATING.
  3846 | Ossuary  | 3846 ||| RETREEEEATING.
  3847 | Ossuary  | 3847 ||| RETREEEEATING.
  3848 | Ossuary  | 3848 ||| RETREEEEATING.
  3849 | Ossuary  | 3849 ||| RETREEEEATING.
  3860 | Ossuary  | Reached XP level 8. HP: 39/49 MP: 8/8
  3991 | Ossuary  | 3991 ||| READING scroll of identify.
  3991 | Ossuary  | 3991 ||| IDENTIFYING sedimented brown potion
  3992 | Ossuary  | 3992 ||| DROPPING potion of lignification.
  4001 | D:5      | 4001 ||| PLANNING D:1-11
  4046 | D:5      | 4046 ||| FLEEEEING.
  4050 | D:5      | Slain by an ogre

Levels and vault maps discovered:
D:1:      heliophobic_arrival_enchanted_forest, layout_rooms,
          dreamdust_ecumenical_altar_hidden_monk_grotto,
          chequers_serial_rivers_micro_d
D:2:      layout_loops_ring, serial_undead, serial_undead_b, serial_undead_b,
          serial_undead_b, serial_undead_f, serial_undead_e, serial_undead_c,
          serial_undead_e, serial_undead_c, minivault_24, reono_crystal_passage,
          solitary_fountain, grunt_ministairs_9, minmay_misc_feat_plants,
          minmay_curled_crystal, uniq_natasha
D:3:      layout_rooms, chei_slow_surprise
D:4:      kennysheep_kobold_camp, layout_loops_corners, nicolae_shop_clearance
D:5:      layout_basic, minmay_temple_entry_crystal_x, enter_ossuary_3

Skill      XL: |  1  2  3  4  5  6  7 |
---------------+----------------------+-----
Ranged Weapons | 5 6 7 8 |  8.5
Fighting       | 3 4 5 |  5.3
Armour         | 1 2 |  2.6
Dodging        | 2 |  2.0
Stealth        | |  1.1

Action                     |  1- 3 |  4- 6 |  7- 9 || total
---------------------------+-------+-------+-------++-------
   Fire: Shortbow          |   102 |   185 |   124 ||   411
    Use: Scroll            |     3 |     5 |     5 ||    13
 Armour: Leather armour    |    23 |    59 |       ||    82
         Ring mail         |       |    54 |   171 ||   225
  Dodge: Dodged            |    20 |    91 |   115 ||   226

Table legend:
 A = Non-vault XP
 B = Vault XP
 C = Vault XP percentage of total XP
 D = Non-vault monster count
 E = Vault monster count
 F = Vault count percentage of total count
                 A         B        C        D         E       F
            +---------+---------+-------+---------+---------+-------
      Total |     848 |     579 |  40.6 |      81 |      41 |  33.6
            +---------+---------+-------+---------+---------+-------
        D:1 |      39 |       0 |   0.0 |      19 |       0 |   0.0
        D:2 |     136 |      68 |  33.3 |      26 |      10 |  27.8
        D:3 |      22 |       0 |   0.0 |      14 |       0 |   0.0
        D:4 |     320 |     119 |  27.1 |      14 |      21 |  60.0
        D:5 |     331 |       1 |   0.3 |       8 |       1 |  11.1
    Ossuary |       0 |     391 | 100.0 |       0 |       9 | 100.0
            +---------+---------+-------+---------+---------+-------
